Match 42484844
Unlisted

Match 42484844
End
Royal Engineer Section
Construct Section Command Post
Dingo Light Scout Car
Infantry Section
Infantry Section
Construct Platoon Command Post
Humber Armored Car
6-pounder Anti-tank Gun Team
Infantry Section
Infantry Training
Vickers Machine Gun Team
6-pounder Anti-tank Gun Team
Grenade Package
6-pounder Anti-tank Gun Team
Vickers Machine Gun Team
Construct Company Command Post
Crusader II Medium Tank
HulkSMASH
⚓️Ruby⚓
*Mule
FeriG
0
0

Comments sign in to comment!

No comments posted yet!